Montreal Canadiens vs Chicago Black Hawks
Created - Wednesday, June 12, 2024 at 06:32
Goals
|
| Montreal Canadiens |
0 |
2 |
1 |
0 |
3 |
| Chicago Black Hawks |
1 |
1 |
1 |
1 |
4 |
|
Shots
|
| Montreal Canadiens |
9 |
12 |
12 |
0 |
33 |
| Chicago Black Hawks |
17 |
11 |
10 |
4 |
42 |
|
1st period
1. Chicago Black Hawks , Bo Horvat 4 (Kevin Fiala 4, Vincent Trocheck 2) at 7:48
Penalties :
No Penalty
2nd period
2. Montreal Canadiens , Tomas Nosek 1 (Brady Skjei 2, Vladislav Namestnikov 1) at 6:11
3. Chicago Black Hawks , Kirby Dach 1 (Devon Toews 2, Patrice Bergeron 1) at 14:54
4. Montreal Canadiens , Evgeni Dadonov 1 (Jonathan Marchessault 4, Damon Severson 1) at 19:06
Penalties :
Marcus Pettersson (CHI) for Tripping (Minor) at 10:20, Adam Fox (MTL) for Tripping (Minor) at 10:24, Marcus Pettersson (CHI) for High sticking (Minor) at 15:18
3rd period
5. Chicago Black Hawks , Patrice Bergeron 2 (Devon Toews 3, Frederick Gaudreau 1) at 10:10
6. Montreal Canadiens , Christian Fischer 2 (Evgeni Dadonov 3, Damon Severson 2) at 16:50
Penalties :
Nicholas Paul (CHI) for Tripping (Minor) at 0:49, Tyler Myers (MTL) for Roughing (Minor) at 3:00, Bo Horvat (CHI) for Tripping (Minor) at 5:03
Overtime #1
7. Chicago Black Hawks , Barrett Hayton 2 (Patrice Bergeron 2, Marcus Pettersson 1) at 1:54
Penalties :
No Penalty
Goalie Stats
Jacob Markstrom (MTL), 38 saves from 42 shots - (0.905), OTL, 3-1-1, 61:54 minutes
Jordan Binnington (CHI), 30 saves from 33 shots - (0.909), W, 2-3-0, 61:54 minutes
Players Stats for Montreal Canadiens
Player Name G A P +/- PIM S H SB GA TA FO MP PP MP PK MP
------------------------------------------------------------------------------------
Adam Fox 0 0 0 -1 2 2 0 4 1 1 0/0 22:03 2:46 1:06
Brady Skjei 0 1 1 -1 0 0 2 4 0 0 0/0 23:04 2:47 1:10
Christian Fischer 1 0 1 1 0 1 1 0 0 0 2/11 13:04 0:00 0:00
Damon Severson 0 2 2 1 0 1 2 1 0 0 0/0 23:00 3:14 0:53
Dylan Larkin 0 0 0 -2 0 2 2 1 1 0 10/16 19:45 3:02 0:58
Evgeni Dadonov 1 1 2 1 0 3 0 0 1 0 1/1 16:30 3:02 0:00
Filip Forsberg 0 0 0 -2 0 0 2 0 1 1 0/0 14:28 0:00 0:00
Filip Hronek 0 0 0 -1 0 1 0 0 0 0 0/0 17:11 0:00 0:04
Jack Johnson 0 0 0 -1 0 0 1 2 0 1 0/0 16:43 0:00 0:53
Jamie Benn 0 0 0 0 0 1 1 0 1 0 2/2 18:48 2:35 1:05
Jonathan Marchessault 0 1 1 1 0 7 1 0 0 0 0/1 16:31 3:02 0:00
Martin Necas 0 0 0 -2 0 2 1 0 2 0 0/1 14:57 0:19 0:00
Miles Wood 0 0 0 0 0 1 2 0 0 0 0/0 9:31 0:15 0:00
Patrik Laine 0 0 0 0 0 5 2 2 0 0 2/3 18:56 2:40 1:05
Sidney Crosby 0 0 0 0 0 2 1 1 1 0 12/20 19:20 2:44 0:58
Tomas Nosek 1 0 1 0 0 1 1 1 0 0 1/4 10:16 0:24 0:00
Tyler Myers 0 0 0 1 2 0 3 0 0 0 0/0 22:07 3:14 0:00
Vladislav Namestnikov 0 1 1 0 0 4 1 0 0 1 0/0 9:16 0:00 0:00
Players Stats for Chicago Black Hawks
Player Name G A P +/- PIM S H SB GA TA FO MP PP MP PK MP
------------------------------------------------------------------------------------
Barrett Hayton 1 0 1 3 0 4 1 0 0 0 1/3 18:05 0:01 2:45
Bo Horvat 1 0 1 0 2 3 0 1 1 0 9/19 17:42 1:59 0:00
Brent Burns 0 0 0 3 0 2 2 2 0 1 0/0 25:58 0:00 2:59
Cale Makar 0 0 0 0 0 7 1 0 0 2 0/0 25:50 2:03 0:00
Conor Sheary 0 0 0 -2 0 1 0 1 0 0 0/0 13:36 0:00 0:00
Devon Toews 0 2 2 3 0 2 1 2 0 2 0/0 21:15 1:59 2:18
Frederick Gaudreau 0 1 1 0 0 0 0 0 0 0 0/0 5:22 0:03 3:06
Jaden Schwartz 0 0 0 -2 0 3 1 1 0 0 0/2 14:44 0:00 0:13
Kevin Fiala 0 1 1 0 0 1 1 0 0 0 0/1 18:31 1:59 0:01
Kirby Dach 1 0 1 3 0 6 1 0 1 0 0/0 15:42 0:01 0:00
Marcus Pettersson 0 1 1 -2 4 1 1 1 0 0 0/0 14:09 0:03 0:44
Michael Rasmussen 0 0 0 0 0 1 0 0 0 0 0/1 9:38 0:00 2:45
Nicholas Paul 0 0 0 -2 2 0 1 0 0 0 11/16 19:57 0:00 0:06
Patrice Bergeron 1 2 3 3 0 5 0 0 1 0 4/11 18:26 0:01 3:06
Seth Jones 0 0 0 0 0 3 1 5 0 1 0/0 18:44 0:00 2:59
Shane Pinto 0 0 0 0 0 1 0 0 0 0 3/5 7:15 0:00 0:00
Travis Sanheim 0 0 0 -2 0 0 0 1 0 0 0/0 17:54 0:04 3:02
Vincent Trocheck 0 1 1 0 0 2 1 1 1 2 1/1 18:42 2:02 0:00
3 Stars
1 - Patrice Bergeron (CHI)
2 - Devon Toews (CHI)
3 - Kirby Dach (CHI)
Power Play
Montreal Canadiens - 0 on 4 Attempt(s) - 0.00%
Chicago Black Hawks - 0 on 2 Attempt(s) - 0.00%
Penalty Kill
Montreal Canadiens - 2 on 2 Attempt(s) - 100.00%
- Score 0 goal in Penalty Kill
Chicago Black Hawks - 4 on 4 Attempt(s) - 100.00%
- Score 0 goal in Penalty Kill
Team Stat
Montreal Canadiens - Hits : 23 - Faceoff Wins : 30 - Blocked Shots : 16 - Penalty Minutes : 4
Chicago Black Hawks - Hits : 12 - Faceoff Wins : 29 - Blocked Shots : 15 - Penalty Minutes : 8
Official
Referees : Mike Leggo and Tom Kowal
Linesman : Don Henderson and Mike Cvik
Game Notes
No Game Note
Finance
Level 1 -- Attendance: 5343 (89.05%) -- Ticket Income $534,300
Level 2 -- Attendance: 4049 (80.98%) -- Ticket Income $242,940
Level 3 -- Attendance: 2610 (87.00%) -- Ticket Income $91,350
Level 4 -- Attendance: 4343 (86.86%) -- Ticket Income $108,575
Luxury Box -- Attendance: 879 (87.90%) -- Ticket Income $175,800
Game was played at the United Center.
Total Attendance: 17224 (86.12%)
Total Ticket Income: $1,152,965
Other Income: $403,538
Total Income: $1,556,503
Montreal Canadiens
5 vs 5 Forward
Center Left Wing Right Wing Time % Phy DF OF
1 Sidney Crosby Jamie Benn Patrik Laine 30 1 2 2
2 Dylan Larkin Filip Forsberg Martin Necas 30 1 2 2
3 Christian Fischer Jonathan Marchessault Evgeni Dadonov 25 1 2 2
4 Tomas Nosek Miles Wood Vladislav Namestnikov 15 1 2 2
5 vs 5 Defense
Defense Defense Time % Phy DF OF
1 Adam Fox Brady Skjei 35 1 2 2
2 Damon Severson Tyler Myers 35 1 2 2
3 Filip Hronek Jack Johnson 30 1 2 2
4 Adam Fox Brady Skjei 0 1 2 2
PowerPlay Forward
Center Left Wing Right Wing Time % Phy DF OF
1 Sidney Crosby Jamie Benn Patrik Laine 50 1 2 2
2 Dylan Larkin Evgeni Dadonov Jonathan Marchessault 50 1 2 2
PowerPlay Defense
Defense Defense Time % Phy DF OF
1 Adam Fox Brady Skjei 50 1 2 2
2 Damon Severson Tyler Myers 50 1 2 2
Penalty Kill 4 Players Forward
Center Wing Time % Phy DF OF
1 Sidney Crosby Dylan Larkin 50 1 2 2
2 Jamie Benn Patrik Laine 50 1 2 2
Penalty Kill 4 Players Defense
Defense Defense Time % Phy DF OF
1 Adam Fox Brady Skjei 50 1 2 2
2 Damon Severson Tyler Myers 50 1 2 2
Penalty Kill - 3 Players Forward
Forward Time % Phy DF OF
1 Sidney Crosby 50 1 2 2
2 Dylan Larkin 50 1 2 2
Penalty Kill - 3 Players Defense
Defense Defense Time % Phy DF OF
1 Adam Fox Brady Skjei 50 1 2 2
2 Damon Severson Tyler Myers 50 1 2 2
4 vs 4 Forward
Center Wing Time % Phy DF OF
1 Sidney Crosby Dylan Larkin 50 1 2 2
2 Jamie Benn Patrik Laine 50 1 2 2
4 vs 4 Defense
Defense Defense Time % Phy DF OF
1 Adam Fox Brady Skjei 50 1 2 2
2 Damon Severson Tyler Myers 50 1 2 2
Last Minutes Offensive
Center Left Wing Right Wing Defense Defense
Sidney Crosby Jamie Benn Patrik Laine Adam Fox Brady Skjei
Last Minutes Defensive
Center Left Wing Right Wing Defense Defense
Sidney Crosby Jamie Benn Patrik Laine Adam Fox Brady Skjei
Goaltenders
Starting : Jacob Markstrom
Backup : Daniel Vladar
Extra Forwards
Normal : Tomas Nosek, Jonathan Marchessault, Evgeni Dadonov - PP : Tomas Nosek, Jonathan Marchessault - PK : Evgeni Dadonov
Extra Defensemen
Normal : Filip Hronek, Jack Johnson, Damon Severson - PP : Filip Hronek - PK : Jack Johnson, Damon Severson
Penalty Shots
Sidney Crosby, Dylan Larkin, Jamie Benn, Patrik Laine, Jonathan Marchessault
Chicago Black Hawks
5 vs 5 Forward
Center Left Wing Right Wing Time % Phy DF OF
1 Bo Horvat Kevin Fiala Vincent Trocheck 30 1 2 2
2 Patrice Bergeron Barrett Hayton Kirby Dach 30 1 2 2
3 Nicholas Paul Jaden Schwartz Conor Sheary 25 1 2 2
4 Shane Pinto Michael Rasmussen Nicholas Paul 15 1 2 2
5 vs 5 Defense
Defense Defense Time % Phy DF OF
1 Cale Makar Seth Jones 30 0 3 2
2 Brent Burns Devon Toews 30 1 3 1
3 Travis Sanheim Marcus Pettersson 25 0 4 1
4 Cale Makar Brent Burns 15 0 3 2
PowerPlay Forward
Center Left Wing Right Wing Time % Phy DF OF
1 Bo Horvat Kevin Fiala Vincent Trocheck 50 0 0 5
2 Patrice Bergeron Barrett Hayton Kirby Dach 50 0 0 5
PowerPlay Defense
Defense Defense Time % Phy DF OF
1 Brent Burns Seth Jones 50 0 1 4
2 Cale Makar Devon Toews 50 0 1 4
Penalty Kill 4 Players Forward
Center Wing Time % Phy DF OF
1 Patrice Bergeron Frederick Gaudreau 50 0 5 0
2 Barrett Hayton Michael Rasmussen 50 0 5 0
Penalty Kill 4 Players Defense
Defense Defense Time % Phy DF OF
1 Devon Toews Travis Sanheim 50 0 5 0
2 Brent Burns Seth Jones 50 0 5 0
Penalty Kill - 3 Players Forward
Forward Time % Phy DF OF
1 Bo Horvat 50 0 5 0
2 Frederick Gaudreau 50 0 5 0
Penalty Kill - 3 Players Defense
Defense Defense Time % Phy DF OF
1 Marcus Pettersson Seth Jones 50 0 5 0
2 Travis Sanheim Devon Toews 50 0 5 0
4 vs 4 Forward
Center Wing Time % Phy DF OF
1 Vincent Trocheck Frederick Gaudreau 50 1 2 2
2 Shane Pinto Kevin Fiala 50 1 2 2
4 vs 4 Defense
Defense Defense Time % Phy DF OF
1 Devon Toews Travis Sanheim 50 1 3 1
2 Marcus Pettersson Cale Makar 50 0 4 1
Last Minutes Offensive
Center Left Wing Right Wing Defense Defense
Bo Horvat Kevin Fiala Vincent Trocheck Cale Makar Seth Jones
Last Minutes Defensive
Center Left Wing Right Wing Defense Defense
Bo Horvat Kevin Fiala Vincent Trocheck Cale Makar Seth Jones
Goaltenders
Starting : Jordan Binnington
Backup : Thatcher Demko
Extra Forwards
Normal : Frederick Gaudreau, Nicholas Paul, Jaden Schwartz - PP : Frederick Gaudreau, Nicholas Paul - PK : Jaden Schwartz
Extra Defensemen
Normal : Travis Sanheim, Marcus Pettersson, Brent Burns - PP : Travis Sanheim - PK : Marcus Pettersson, Brent Burns
Penalty Shots
Bo Horvat, Patrice Bergeron, Vincent Trocheck, Kevin Fiala, Barrett Hayton
% Time on Ice - Montreal Canadiens
Lines # - Real PCT - Wanted PCT - Time Play
Normal Forward
1 - 29% - 30% - 15:13
2 - 28% - 30% - 14:29
3 - 25% - 25% - 12:57
4 - 18% - 15% - 9:16
Normal Defense
1 - 34% - 35% - 17:51
2 - 35% - 35% - 18:11
3 - 29% - 30% - 15:14
4 - 1% - 0% - 0:39
PP Forward
1 - 50% - 50% - 2:59
2 - 50% - 50% - 3:02
PP Defense
1 - 46% - 50% - 2:47
2 - 54% - 50% - 3:14
PK Forward
1 - 47% - 50% - 0:58
2 - 53% - 50% - 1:05
PK Defense
1 - 57% - 50% - 1:10
2 - 43% - 50% - 0:53
PK3 Forward
1 - 0% - 50%
2 - 0% - 50%
PK3 Defense
1 - 0% - 50%
2 - 0% - 50%
44 Forward
1 - 49% - 50% - 0:56
2 - 51% - 50% - 0:59
44 Defense
1 - 63% - 50% - 1:13
2 - 37% - 50% - 0:42
Last Minute Offensive - 0:00
Last Minute Defensive - 0:00
Total
Forward - 61:54
Defense - 61:54
|
% Time on Ice - Chicago Black Hawks
Lines # - Real PCT - Wanted PCT - Time Play
Normal Forward
1 - 31% - 30% - 16:21
2 - 30% - 30% - 15:43
3 - 26% - 25% - 13:24
4 - 12% - 15% - 6:27
Normal Defense
1 - 32% - 30% - 16:23
2 - 30% - 30% - 15:48
3 - 25% - 25% - 12:46
4 - 13% - 15% - 6:58
PP Forward
1 - 99% - 50% - 2:02
2 - 1% - 50% - 0:01
PP Defense
1 - 0% - 50% - 0:00
2 - 100% - 50% - 2:03
PK Forward
1 - 52% - 50% - 3:06
2 - 48% - 50% - 2:55
PK Defense
1 - 50% - 50% - 3:02
2 - 50% - 50% - 2:59
PK3 Forward
1 - 0% - 50%
2 - 0% - 50%
PK3 Defense
1 - 0% - 50%
2 - 0% - 50%
44 Forward
1 - 58% - 50% - 1:07
2 - 42% - 50% - 0:48
44 Defense
1 - 40% - 50% - 0:46
2 - 60% - 50% - 1:09
Last Minute Offensive - 0:00
Last Minute Defensive - 0:00
Total
Forward - 61:54
Defense - 61:54
|
Play-by-Play
1st period
0:01 of 1st period - Bo Horvat wins face-off versus Sidney Crosby in neutral zone.
0:12 of 1st period - Snap shot by Bo Horvat.
0:12 of 1st period - Shot Blocked by Adam Fox.
0:26 of 1st period - Adam Fox is hit by Jaden Schwartz and loses puck.
0:37 of 1st period - Snap shot by Jamie Benn.
0:37 of 1st period - Stopped by Jordan Binnington with a rebound.
0:59 of 1st period - Wrist shot by Dylan Larkin.
0:59 of 1st period - Stopped by Jordan Binnington without a rebound.
1:00 of 1st period - Shane Pinto wins face-off versus Christian Fischer in Chicago Black Hawks zone.
1:23 of 1st period - Icing by Travis Sanheim.
1:24 of 1st period - Bo Horvat wins face-off versus Tomas Nosek in Chicago Black Hawks zone.
1:41 of 1st period - Backhand shot by Bo Horvat.
1:41 of 1st period - Shot Misses the Net.
1:51 of 1st period - Kirby Dach is hit by Filip Forsberg.
2:21 of 1st period - Snap shot by Shane Pinto.
2:21 of 1st period - Stopped by Jacob Markstrom without a rebound.
2:22 of 1st period - Christian Fischer wins face-off versus Nicholas Paul in Montreal Canadiens zone.
2:33 of 1st period - Cale Makar is hit by Jonathan Marchessault and loses puck.
2:58 of 1st period - Snap shot by Kirby Dach.
2:58 of 1st period - Stopped by Jacob Markstrom without a rebound.
2:59 of 1st period - Bo Horvat wins face-off versus Christian Fischer in Montreal Canadiens zone.
3:14 of 1st period - Snap shot by Bo Horvat.
3:14 of 1st period - Stopped by Jacob Markstrom without a rebound.
3:15 of 1st period - Nicholas Paul wins face-off versus Dylan Larkin in Montreal Canadiens zone.
3:20 of 1st period - Wrist shot by Conor Sheary.
3:20 of 1st period - Stopped by Jacob Markstrom without a rebound.
3:21 of 1st period - Dylan Larkin wins face-off versus Nicholas Paul in Montreal Canadiens zone.
3:59 of 1st period - Off-side.
4:00 of 1st period - Sidney Crosby wins face-off versus Patrice Bergeron in neutral zone.
6:17 of 1st period - Off-side.
6:18 of 1st period - Dylan Larkin wins face-off versus Shane Pinto in neutral zone.
6:25 of 1st period - Seth Jones is hit by Martin Necas and loses puck.
6:48 of 1st period - Snap shot by Kirby Dach.
6:48 of 1st period - Shot Misses the Net.
6:50 of 1st period - Slapshot by Kirby Dach.
6:50 of 1st period - Shot Misses the Net.
7:06 of 1st period - Snap shot by Jonathan Marchessault.
7:06 of 1st period - Stopped by Jordan Binnington with a rebound.
7:08 of 1st period - Snap shot by Christian Fischer.
7:08 of 1st period - Shot Blocked by Brent Burns.
7:10 of 1st period - Snap shot by Christian Fischer.
7:10 of 1st period - Shot Misses the Net.
7:12 of 1st period - Snap shot by Jonathan Marchessault.
7:12 of 1st period - Shot Misses the Net.
7:28 of 1st period - Dylan Larkin is hit by Devon Toews.
7:48 of 1st period - Slapshot by Bo Horvat.
7:48 of 1st period - Goal by Bo Horvat - Montreal Canadiens : 0 - Chicago Black Hawks : 1.
7:49 of 1st period - Nicholas Paul wins face-off versus Sidney Crosby in neutral zone.
7:58 of 1st period - Snap shot by Jaden Schwartz.
7:58 of 1st period - Stopped by Jacob Markstrom without a rebound.
7:59 of 1st period - Nicholas Paul wins face-off versus Sidney Crosby in Montreal Canadiens zone.
8:14 of 1st period - Slapshot by Jaden Schwartz.
8:14 of 1st period - Shot Misses the Net.
8:16 of 1st period - Snap shot by Seth Jones.
8:16 of 1st period - Shot Misses the Net.
8:22 of 1st period - Wrist shot by Cale Makar.
8:22 of 1st period - Deflect By Adam Fox.
8:22 of 1st period - Stopped by Jacob Markstrom without a rebound.
8:23 of 1st period - Patrice Bergeron wins face-off versus Tomas Nosek in Montreal Canadiens zone.
8:24 of 1st period - Slapshot by Kirby Dach.
8:24 of 1st period - Shot Misses the Net.
9:21 of 1st period - Snap shot by Jonathan Marchessault.
9:21 of 1st period - Stopped by Jordan Binnington without a rebound.
9:22 of 1st period - Sidney Crosby wins face-off versus Bo Horvat in Chicago Black Hawks zone.
10:12 of 1st period - Wrist shot by Kirby Dach.
10:12 of 1st period - Stopped by Jacob Markstrom without a rebound.
10:13 of 1st period - Dylan Larkin wins face-off versus Patrice Bergeron in Montreal Canadiens zone.
11:19 of 1st period - Backhand shot by Kirby Dach.
11:19 of 1st period - Shot Blocked by Jack Johnson.
11:21 of 1st period - Wrist shot by Barrett Hayton.
11:21 of 1st period - Stopped by Jacob Markstrom with a rebound.
11:23 of 1st period - Slapshot by Seth Jones.
11:23 of 1st period - Stopped by Jacob Markstrom with a rebound.
11:25 of 1st period - Wrist shot by Kirby Dach.
11:25 of 1st period - Shot Misses the Net.
11:27 of 1st period - Snap shot by Patrice Bergeron.
11:27 of 1st period - Deflect By Kirby Dach.
11:27 of 1st period - Stopped by Jacob Markstrom without a rebound.
11:28 of 1st period - Nicholas Paul wins face-off versus Sidney Crosby in Montreal Canadiens zone.
11:41 of 1st period - Slapshot by Jaden Schwartz.
11:41 of 1st period - Shot Misses the Net.
11:43 of 1st period - Slapshot by Conor Sheary.
11:43 of 1st period - Shot Blocked by Adam Fox.
12:00 of 1st period - Snap shot by Miles Wood.
12:00 of 1st period - Shot Misses the Net.
12:05 of 1st period - Icing by Vincent Trocheck.
12:06 of 1st period - Evgeni Dadonov wins face-off versus Bo Horvat in Chicago Black Hawks zone.
12:11 of 1st period - Snap shot by Jonathan Marchessault.
12:11 of 1st period - Stopped by Jordan Binnington without a rebound.
12:12 of 1st period - Nicholas Paul wins face-off versus Christian Fischer in Chicago Black Hawks zone.
13:23 of 1st period - Wrist shot by Martin Necas.
13:23 of 1st period - Stopped by Jordan Binnington without a rebound.
13:24 of 1st period - Sidney Crosby wins face-off versus Bo Horvat in Chicago Black Hawks zone.
13:29 of 1st period - Snap shot by Patrik Laine.
13:29 of 1st period - Stopped by Jordan Binnington with a rebound.
13:34 of 1st period - Off-side.
13:35 of 1st period - Nicholas Paul wins face-off versus Christian Fischer in neutral zone.
13:40 of 1st period - Slapshot by Cale Makar.
13:40 of 1st period - Stopped by Jacob Markstrom with a rebound.
13:42 of 1st period - Slapshot by Brent Burns.
13:42 of 1st period - Shot Blocked by Brady Skjei.
13:44 of 1st period - Slapshot by Nicholas Paul.
13:44 of 1st period - Shot Misses the Net.
13:46 of 1st period - Slapshot by Brent Burns.
13:46 of 1st period - Shot Hit the Post.
13:48 of 1st period - Slapshot by Brent Burns.
13:48 of 1st period - Stopped by Jacob Markstrom with a rebound.
14:33 of 1st period - Slapshot by Patrice Bergeron.
14:33 of 1st period - Stopped by Jacob Markstrom without a rebound.
14:34 of 1st period - Shane Pinto wins face-off versus Christian Fischer in Montreal Canadiens zone.
14:49 of 1st period - Slapshot by Cale Makar.
14:49 of 1st period - Stopped by Jacob Markstrom with a rebound.
14:59 of 1st period - Vincent Trocheck is hit by Vladislav Namestnikov and loses puck.
15:06 of 1st period - Slapshot by Seth Jones.
15:06 of 1st period - Stopped by Jacob Markstrom with a rebound.
15:33 of 1st period - Wrist shot by Patrik Laine.
15:33 of 1st period - Shot Hit the Post.
15:43 of 1st period - Filip Forsberg is hit by Nicholas Paul.
16:18 of 1st period - Icing by Evgeni Dadonov.
16:19 of 1st period - Christian Fischer wins face-off versus Michael Rasmussen in Montreal Canadiens zone.
16:30 of 1st period - Wrist shot by Patrik Laine.
16:30 of 1st period - Shot Blocked by Seth Jones.
16:32 of 1st period - Snap shot by Patrik Laine.
16:32 of 1st period - Stopped by Jordan Binnington with a rebound.
16:34 of 1st period - Snap shot by Sidney Crosby.
16:34 of 1st period - Shot Blocked by Seth Jones.
16:36 of 1st period - Snap shot by Patrik Laine.
16:36 of 1st period - Shot Misses the Net.
16:50 of 1st period - Slapshot by Dylan Larkin.
16:50 of 1st period - Shot Misses the Net.
16:52 of 1st period - Slapshot by Damon Severson.
16:52 of 1st period - Shot Blocked by Seth Jones.
17:39 of 1st period - Wrist shot by Barrett Hayton.
17:39 of 1st period - Stopped by Jacob Markstrom with a rebound.
18:37 of 1st period - Snap shot by Miles Wood.
18:37 of 1st period - Stopped by Jordan Binnington without a rebound.
18:38 of 1st period - Tomas Nosek wins face-off versus Bo Horvat in Chicago Black Hawks zone.
18:53 of 1st period - Snap shot by Vincent Trocheck.
18:53 of 1st period - Shot Misses the Net.
18:55 of 1st period - Slapshot by Brent Burns.
18:55 of 1st period - Shot Blocked by Tomas Nosek.
19:37 of 1st period - Slapshot by Jonathan Marchessault.
19:37 of 1st period - Shot Misses the Net.
19:53 of 1st period - Snap shot by Bo Horvat.
19:53 of 1st period - Shot Misses the Net.
Goals for this period are 0 for Montreal Canadiens vs 1 for Chicago Black Hawks.
Shots for this period are 9 for Montreal Canadiens vs 17 for Chicago Black Hawks.
2nd period
0:01 of 2nd period - Sidney Crosby wins face-off versus Nicholas Paul in neutral zone.
0:03 of 2nd period - Off-side.
0:04 of 2nd period - Nicholas Paul wins face-off versus Sidney Crosby in neutral zone.
2:33 of 2nd period - Seth Jones is hit by Jack Johnson and loses puck.
3:14 of 2nd period - Backhand shot by Sidney Crosby.
3:14 of 2nd period - Shot Blocked by Travis Sanheim.
3:26 of 2nd period - Kirby Dach is hit by Brady Skjei and loses puck.
3:31 of 2nd period - Snap shot by Jonathan Marchessault.
3:31 of 2nd period - Stopped by Jordan Binnington with a rebound.
3:33 of 2nd period - Slapshot by Jack Johnson.
3:33 of 2nd period - Shot Misses the Net.
3:35 of 2nd period - Snap shot by Evgeni Dadonov.
3:35 of 2nd period - Stopped by Jordan Binnington without a rebound.
3:36 of 2nd period - Bo Horvat wins face-off versus Dylan Larkin in Chicago Black Hawks zone.
3:45 of 2nd period - Slapshot by Kevin Fiala.
3:45 of 2nd period - Shot Blocked by Jack Johnson.
3:47 of 2nd period - Slapshot by Cale Makar.
3:47 of 2nd period - Shot Misses the Net.
3:53 of 2nd period - Filip Forsberg is hit by Seth Jones and loses puck.
4:12 of 2nd period - Snap shot by Patrik Laine.
4:12 of 2nd period - Shot Blocked by Seth Jones.
4:14 of 2nd period - Slapshot by Jack Johnson.
4:14 of 2nd period - Shot Misses the Net.
4:16 of 2nd period - Slapshot by Filip Hronek.
4:16 of 2nd period - Stopped by Jordan Binnington with a rebound.
4:18 of 2nd period - Slapshot by Jamie Benn.
4:18 of 2nd period - Shot Hit the Post.
4:40 of 2nd period - Wrist shot by Vladislav Namestnikov.
4:40 of 2nd period - Stopped by Jordan Binnington without a rebound.
4:41 of 2nd period - Bo Horvat wins face-off versus Tomas Nosek in Chicago Black Hawks zone.
5:16 of 2nd period - Jaden Schwartz is hit by Tomas Nosek and loses puck.
5:27 of 2nd period - Slapshot by Miles Wood.
5:27 of 2nd period - Shot Blocked by Jaden Schwartz.
5:29 of 2nd period - Snap shot by Miles Wood.
5:29 of 2nd period - Shot Hit the Post.
5:31 of 2nd period - Slapshot by Brady Skjei.
5:31 of 2nd period - Shot Blocked by Conor Sheary.
5:33 of 2nd period - Snap shot by Adam Fox.
5:33 of 2nd period - Shot Blocked by Devon Toews.
5:35 of 2nd period - Wrist shot by Tomas Nosek.
5:35 of 2nd period - Shot Misses the Net.
5:39 of 2nd period - Snap shot by Vladislav Namestnikov.
5:39 of 2nd period - Stopped by Jordan Binnington with a rebound.
5:59 of 2nd period - Backhand shot by Miles Wood.
5:59 of 2nd period - Shot Misses the Net.
6:01 of 2nd period - Slapshot by Adam Fox.
6:01 of 2nd period - Deflect By Vladislav Namestnikov.
6:01 of 2nd period - Stopped by Jordan Binnington with a rebound.
6:03 of 2nd period - Slapshot by Brady Skjei.
6:03 of 2nd period - Shot Blocked by Brent Burns.
6:05 of 2nd period - Slapshot by Adam Fox.
6:05 of 2nd period - Stopped by Jordan Binnington with a rebound.
6:07 of 2nd period - Slapshot by Tomas Nosek.
6:07 of 2nd period - Deflect By Vladislav Namestnikov.
6:07 of 2nd period - Stopped by Jordan Binnington with a rebound.
6:09 of 2nd period - Slapshot by Brady Skjei.
6:09 of 2nd period - Shot Blocked by Devon Toews.
6:11 of 2nd period - Snap shot by Tomas Nosek.
6:11 of 2nd period - Goal by Tomas Nosek - Montreal Canadiens : 1 - Chicago Black Hawks : 1.
6:12 of 2nd period - Dylan Larkin wins face-off versus Patrice Bergeron in neutral zone.
6:18 of 2nd period - Kirby Dach is hit by Dylan Larkin and loses puck.
7:04 of 2nd period - Damon Severson is hit by Cale Makar and loses puck.
7:40 of 2nd period - Kevin Fiala is hit by Jamie Benn.
8:03 of 2nd period - Slapshot by Brent Burns.
8:03 of 2nd period - Deflect By Patrice Bergeron.
8:03 of 2nd period - Shot Blocked by Adam Fox.
8:03 of 2nd period - Puck is out of play.
8:04 of 2nd period - Dylan Larkin wins face-off versus Barrett Hayton in Montreal Canadiens zone.
8:09 of 2nd period - Slapshot by Patrice Bergeron.
8:09 of 2nd period - Shot Misses the Net.
8:11 of 2nd period - Wrist shot by Barrett Hayton.
8:11 of 2nd period - Shot Misses the Net.
8:13 of 2nd period - Snap shot by Barrett Hayton.
8:13 of 2nd period - Deflect By Kirby Dach.
8:13 of 2nd period - Stopped by Jacob Markstrom without a rebound.
8:14 of 2nd period - Sidney Crosby wins face-off versus Bo Horvat in Montreal Canadiens zone.
8:25 of 2nd period - Snap shot by Vincent Trocheck.
8:25 of 2nd period - Stopped by Jacob Markstrom with a rebound.
8:27 of 2nd period - Wrist shot by Bo Horvat.
8:27 of 2nd period - Stopped by Jacob Markstrom with a rebound.
8:29 of 2nd period - Wrist shot by Bo Horvat.
8:29 of 2nd period - Shot Blocked by Sidney Crosby.
8:31 of 2nd period - Wrist shot by Vincent Trocheck.
8:31 of 2nd period - Stopped by Jacob Markstrom with a rebound.
9:22 of 2nd period - Vincent Trocheck is hit by Damon Severson and loses puck.
9:27 of 2nd period - Slapshot by Adam Fox.
9:27 of 2nd period - Shot Blocked by Bo Horvat.
9:41 of 2nd period - Snap shot by Cale Makar.
9:41 of 2nd period - Deflect By Patrice Bergeron.
9:41 of 2nd period - Stopped by Jacob Markstrom with a rebound.
9:47 of 2nd period - Wrist shot by Patrice Bergeron.
9:47 of 2nd period - Stopped by Jacob Markstrom without a rebound.
9:48 of 2nd period - Nicholas Paul wins face-off versus Sidney Crosby in Montreal Canadiens zone.
10:17 of 2nd period - Icing by Filip Forsberg.
10:18 of 2nd period - Patrice Bergeron wins face-off versus Dylan Larkin in Montreal Canadiens zone.
10:20 of 2nd period - Minor Penalty to Marcus Pettersson for Tripping.
10:21 of 2nd period - Sidney Crosby wins face-off versus Patrice Bergeron in Chicago Black Hawks zone.
10:24 of 2nd period - Minor Penalty to Adam Fox for Tripping.
10:25 of 2nd period - Vincent Trocheck wins face-off versus Dylan Larkin in Montreal Canadiens zone.
10:29 of 2nd period - Snap shot by Vincent Trocheck.
10:29 of 2nd period - Shot Blocked by Brady Skjei.
11:47 of 2nd period - Icing by Dylan Larkin.
11:48 of 2nd period - Sidney Crosby wins face-off versus Shane Pinto in Montreal Canadiens zone.
12:15 of 2nd period - Travis Sanheim is hit by Patrik Laine and loses puck.
12:20 of 2nd period - Penalty to Marcus Pettersson is over, Marcus Pettersson is back on ice.
12:24 of 2nd period - Penalty to Adam Fox is over, Adam Fox is back on ice.
12:32 of 2nd period - Snap shot by Patrice Bergeron.
12:32 of 2nd period - Stopped by Jacob Markstrom with a rebound.
12:54 of 2nd period - Slapshot by Jaden Schwartz.
12:54 of 2nd period - Stopped by Jacob Markstrom with a rebound.
13:28 of 2nd period - Shane Pinto is hit by Dylan Larkin and loses puck.
13:39 of 2nd period - Shane Pinto is hit by Tyler Myers and loses puck.
13:44 of 2nd period - Snap shot by Sidney Crosby.
13:44 of 2nd period - Stopped by Jordan Binnington with a rebound.
14:20 of 2nd period - Icing by Devon Toews.
14:21 of 2nd period - Dylan Larkin wins face-off versus Kevin Fiala in Chicago Black Hawks zone.
14:24 of 2nd period - Snap shot by Martin Necas.
14:24 of 2nd period - Shot Misses the Net.
14:26 of 2nd period - Snap shot by Dylan Larkin.
14:26 of 2nd period - Shot Misses the Net.
14:48 of 2nd period - Slapshot by Patrice Bergeron.
14:48 of 2nd period - Deflect By Kirby Dach.
14:48 of 2nd period - Stopped by Jacob Markstrom with a rebound.
14:50 of 2nd period - Wrist shot by Devon Toews.
14:50 of 2nd period - Shot Misses the Net.
14:52 of 2nd period - Slapshot by Devon Toews.
14:52 of 2nd period - Stopped by Jacob Markstrom with a rebound.
14:54 of 2nd period - Snap shot by Kirby Dach.
14:54 of 2nd period - Goal by Kirby Dach - Montreal Canadiens : 1 - Chicago Black Hawks : 2.
14:55 of 2nd period - Dylan Larkin wins face-off versus Nicholas Paul in neutral zone.
14:55 of 2nd period - Martin Necas is hit by Marcus Pettersson and loses puck.
15:12 of 2nd period - Slapshot by Dylan Larkin.
15:12 of 2nd period - Shot Misses the Net.
15:18 of 2nd period - Minor Penalty to Marcus Pettersson for High sticking.
15:19 of 2nd period - Dylan Larkin wins face-off versus Barrett Hayton in Chicago Black Hawks zone.
15:40 of 2nd period - Snap shot by Frederick Gaudreau.
15:40 of 2nd period - Shot Misses the Net.
15:42 of 2nd period - Slapshot by Seth Jones.
15:42 of 2nd period - Shot Misses the Net.
16:08 of 2nd period - Backhand shot by Jonathan Marchessault.
16:08 of 2nd period - Shot Misses the Net.
17:14 of 2nd period - Backhand shot by Tomas Nosek.
17:14 of 2nd period - Deflect By Miles Wood.
17:14 of 2nd period - Shot Misses the Net.
17:14 of 2nd period - Puck is out of play.
17:15 of 2nd period - Patrik Laine wins face-off versus Jaden Schwartz in Chicago Black Hawks zone.
17:18 of 2nd period - Penalty to Marcus Pettersson is over, Marcus Pettersson is back on ice.
17:37 of 2nd period - Filip Hronek is hit by Kevin Fiala and loses puck.
17:48 of 2nd period - Cale Makar is hit by Filip Forsberg.
18:12 of 2nd period - Seth Jones is hit by Brady Skjei.
18:32 of 2nd period - Snap shot by Jonathan Marchessault.
18:32 of 2nd period - Shot Blocked by Seth Jones.
18:34 of 2nd period - Slapshot by Damon Severson.
18:34 of 2nd period - Stopped by Jordan Binnington without a rebound.
18:35 of 2nd period - Bo Horvat wins face-off versus Christian Fischer in Chicago Black Hawks zone.
19:06 of 2nd period - Backhand shot by Jonathan Marchessault.
19:06 of 2nd period - Deflect By Evgeni Dadonov.
19:06 of 2nd period - Goal by Evgeni Dadonov - Montreal Canadiens : 2 - Chicago Black Hawks : 2.
19:07 of 2nd period - Sidney Crosby wins face-off versus Nicholas Paul in neutral zone.
Goals for this period are 2 for Montreal Canadiens vs 1 for Chicago Black Hawks.
Shots for this period are 12 for Montreal Canadiens vs 11 for Chicago Black Hawks.
3rd period
0:01 of 3rd period - Patrice Bergeron wins face-off versus Sidney Crosby in neutral zone.
0:03 of 3rd period - Off-side.
0:04 of 3rd period - Patrik Laine wins face-off versus Patrice Bergeron in neutral zone.
0:49 of 3rd period - Minor Penalty to Nicholas Paul for Tripping.
0:50 of 3rd period - Sidney Crosby wins face-off versus Patrice Bergeron in Chicago Black Hawks zone.
0:51 of 3rd period - Snap shot by Patrik Laine.
0:51 of 3rd period - Stopped by Jordan Binnington with a rebound.
0:53 of 3rd period - Backhand shot by Adam Fox.
0:53 of 3rd period - Deflect By Patrik Laine.
0:53 of 3rd period - Stopped by Jordan Binnington with a rebound.
2:49 of 3rd period - Penalty to Nicholas Paul is over, Nicholas Paul is back on ice.
3:00 of 3rd period - Minor Penalty to Tyler Myers for Roughing.
3:01 of 3rd period - Sidney Crosby wins face-off versus Bo Horvat in Montreal Canadiens zone.
3:09 of 3rd period - Wrist shot by Cale Makar.
3:09 of 3rd period - Stopped by Jacob Markstrom without a rebound.
3:10 of 3rd period - Jamie Benn wins face-off versus Bo Horvat in Montreal Canadiens zone.
3:10 of 3rd period - Jamie Benn is hit by Vincent Trocheck.
4:00 of 3rd period - Slapshot by Devon Toews.
4:00 of 3rd period - Stopped by Jacob Markstrom with a rebound.
5:00 of 3rd period - Penalty to Tyler Myers is over, Tyler Myers is back on ice.
5:03 of 3rd period - Minor Penalty to Bo Horvat for Tripping.
5:04 of 3rd period - Barrett Hayton wins face-off versus Jonathan Marchessault in Chicago Black Hawks zone.
5:13 of 3rd period - Slapshot by Adam Fox.
5:13 of 3rd period - Stopped by Jordan Binnington with a rebound.
5:15 of 3rd period - Backhand shot by Adam Fox.
5:15 of 3rd period - Shot Hit the Post.
5:17 of 3rd period - Slapshot by Evgeni Dadonov.
5:17 of 3rd period - Shot Misses the Net.
5:19 of 3rd period - Wrist shot by Evgeni Dadonov.
5:19 of 3rd period - Shot Misses the Net.
6:09 of 3rd period - Marcus Pettersson is hit by Tyler Myers.
7:03 of 3rd period - Penalty to Bo Horvat is over, Bo Horvat is back on ice.
8:50 of 3rd period - Nicholas Paul is hit by Miles Wood and loses puck.
9:44 of 3rd period - Frederick Gaudreau is hit by Damon Severson and loses puck.
10:10 of 3rd period - Wrist shot by Patrice Bergeron.
10:10 of 3rd period - Goal by Patrice Bergeron - Montreal Canadiens : 2 - Chicago Black Hawks : 3.
10:11 of 3rd period - Jamie Benn wins face-off versus Bo Horvat in neutral zone.
10:38 of 3rd period - Filip Forsberg is hit by Brent Burns and loses puck.
11:06 of 3rd period - Icing by Evgeni Dadonov.
11:07 of 3rd period - Bo Horvat wins face-off versus Christian Fischer in Montreal Canadiens zone.
11:24 of 3rd period - Snap shot by Jonathan Marchessault.
11:24 of 3rd period - Shot Misses the Net.
11:26 of 3rd period - Wrist shot by Jonathan Marchessault.
11:26 of 3rd period - Stopped by Jordan Binnington with a rebound.
11:28 of 3rd period - Wrist shot by Jonathan Marchessault.
11:28 of 3rd period - Stopped by Jordan Binnington without a rebound.
11:29 of 3rd period - Sidney Crosby wins face-off versus Patrice Bergeron in Chicago Black Hawks zone.
11:40 of 3rd period - Snap shot by Sidney Crosby.
11:40 of 3rd period - Shot Misses the Net.
11:58 of 3rd period - Snap shot by Jonathan Marchessault.
11:58 of 3rd period - Shot Misses the Net.
12:08 of 3rd period - Filip Hronek is hit by Barrett Hayton and loses puck.
12:17 of 3rd period - Wrist shot by Barrett Hayton.
12:17 of 3rd period - Stopped by Jacob Markstrom without a rebound.
12:18 of 3rd period - Bo Horvat wins face-off versus Dylan Larkin in Montreal Canadiens zone.
12:50 of 3rd period - Slapshot by Sidney Crosby.
12:50 of 3rd period - Deflect By Travis Sanheim.
12:50 of 3rd period - Stopped by Jordan Binnington without a rebound.
12:51 of 3rd period - Nicholas Paul wins face-off versus Patrik Laine in Chicago Black Hawks zone.
12:51 of 3rd period - Nicholas Paul is hit by Tyler Myers.
12:57 of 3rd period - Wrist shot by Patrik Laine.
12:57 of 3rd period - Stopped by Jordan Binnington without a rebound.
12:58 of 3rd period - Nicholas Paul wins face-off versus Sidney Crosby in Chicago Black Hawks zone.
13:53 of 3rd period - Snap shot by Patrice Bergeron.
13:53 of 3rd period - Shot Blocked by Brady Skjei.
13:55 of 3rd period - Slapshot by Cale Makar.
13:55 of 3rd period - Stopped by Jacob Markstrom with a rebound.
13:57 of 3rd period - Slapshot by Brent Burns.
13:57 of 3rd period - Deflect By Adam Fox.
13:57 of 3rd period - Stopped by Jacob Markstrom with a rebound.
14:07 of 3rd period - Barrett Hayton is hit by Christian Fischer and loses puck.
14:20 of 3rd period - Adam Fox is hit by Kirby Dach and loses puck.
14:33 of 3rd period - Snap shot by Patrice Bergeron.
14:33 of 3rd period - Shot Misses the Net.
14:35 of 3rd period - Slapshot by Cale Makar.
14:35 of 3rd period - Deflect By Adam Fox.
14:35 of 3rd period - Stopped by Jacob Markstrom without a rebound.
14:36 of 3rd period - Sidney Crosby wins face-off versus Bo Horvat in Montreal Canadiens zone.
14:49 of 3rd period - Wrist shot by Patrik Laine.
14:49 of 3rd period - Deflect By Jamie Benn.
14:49 of 3rd period - Shot Blocked by Marcus Pettersson.
14:49 of 3rd period - Puck is out of play.
14:50 of 3rd period - Bo Horvat wins face-off versus Dylan Larkin in Chicago Black Hawks zone.
14:59 of 3rd period - Wrist shot by Bo Horvat.
14:59 of 3rd period - Deflect By Vincent Trocheck.
14:59 of 3rd period - Shot Blocked by Dylan Larkin.
14:59 of 3rd period - Puck is out of play.
15:00 of 3rd period - Dylan Larkin wins face-off versus Bo Horvat in Montreal Canadiens zone.
15:11 of 3rd period - Snap shot by Dylan Larkin.
15:11 of 3rd period - Shot Blocked by Vincent Trocheck.
15:13 of 3rd period - Snap shot by Martin Necas.
15:13 of 3rd period - Shot Misses the Net.
15:15 of 3rd period - Snap shot by Martin Necas.
15:15 of 3rd period - Stopped by Jordan Binnington without a rebound.
15:16 of 3rd period - Shane Pinto wins face-off versus Christian Fischer in Chicago Black Hawks zone.
15:31 of 3rd period - Snap shot by Jonathan Marchessault.
15:31 of 3rd period - Shot Misses the Net.
15:48 of 3rd period - Wrist shot by Vincent Trocheck.
15:48 of 3rd period - Shot Blocked by Patrik Laine.
15:50 of 3rd period - Wrist shot by Bo Horvat.
15:50 of 3rd period - Shot Blocked by Patrik Laine.
15:52 of 3rd period - Slapshot by Seth Jones.
15:52 of 3rd period - Stopped by Jacob Markstrom with a rebound.
15:54 of 3rd period - Snap shot by Vincent Trocheck.
15:54 of 3rd period - Shot Blocked by Damon Severson.
16:28 of 3rd period - Snap shot by Dylan Larkin.
16:28 of 3rd period - Stopped by Jordan Binnington with a rebound.
16:46 of 3rd period - Snap shot by Jonathan Marchessault.
16:46 of 3rd period - Stopped by Jordan Binnington with a rebound.
16:48 of 3rd period - Slapshot by Damon Severson.
16:48 of 3rd period - Deflect By Evgeni Dadonov.
16:48 of 3rd period - Stopped by Jordan Binnington with a rebound.
16:50 of 3rd period - Wrist shot by Christian Fischer.
16:50 of 3rd period - Goal by Christian Fischer - Montreal Canadiens : 3 - Chicago Black Hawks : 3.
16:51 of 3rd period - Nicholas Paul wins face-off versus Christian Fischer in neutral zone.
17:18 of 3rd period - Sidney Crosby is hit by Brent Burns.
17:22 of 3rd period - Devon Toews is hit by Sidney Crosby and loses puck.
17:59 of 3rd period - Snap shot by Kevin Fiala.
17:59 of 3rd period - Stopped by Jacob Markstrom with a rebound.
18:05 of 3rd period - Brent Burns is hit by Miles Wood and loses puck.
18:20 of 3rd period - Slapshot by Shane Pinto.
18:20 of 3rd period - Shot Misses the Net.
18:22 of 3rd period - Snap shot by Shane Pinto.
18:22 of 3rd period - Shot Misses the Net.
18:26 of 3rd period - Wrist shot by Michael Rasmussen.
18:26 of 3rd period - Stopped by Jacob Markstrom with a rebound.
18:28 of 3rd period - Snap shot by Nicholas Paul.
18:28 of 3rd period - Shot Blocked by Brady Skjei.
18:42 of 3rd period - Seth Jones is hit by Patrik Laine and loses puck.
Goals for this period are 1 for Montreal Canadiens vs 1 for Chicago Black Hawks.
Shots for this period are 12 for Montreal Canadiens vs 10 for Chicago Black Hawks.
Overtime #1
0:01 of 1st overtime period - Dylan Larkin wins face-off versus Jaden Schwartz in neutral zone.
1:12 of 1st overtime period - Wrist shot by Jaden Schwartz.
1:12 of 1st overtime period - Stopped by Jacob Markstrom with a rebound.
1:30 of 1st overtime period - Slapshot by Cale Makar.
1:30 of 1st overtime period - Stopped by Jacob Markstrom without a rebound.
1:31 of 1st overtime period - Patrice Bergeron wins face-off versus Martin Necas in Montreal Canadiens zone.
1:36 of 1st overtime period - Snap shot by Kirby Dach.
1:36 of 1st overtime period - Shot Misses the Net.
1:48 of 1st overtime period - Wrist shot by Patrice Bergeron.
1:48 of 1st overtime period - Shot Blocked by Adam Fox.
1:50 of 1st overtime period - Slapshot by Marcus Pettersson.
1:50 of 1st overtime period - Stopped by Jacob Markstrom with a rebound.
1:52 of 1st overtime period - Wrist shot by Patrice Bergeron.
1:52 of 1st overtime period - Shot Misses the Net.
1:54 of 1st overtime period - Wrist shot by Barrett Hayton.
1:54 of 1st overtime period - Goal by Barrett Hayton - Montreal Canadiens : 3 - Chicago Black Hawks : 4.
Goals for this period are 0 for Montreal Canadiens vs 1 for Chicago Black Hawks.
Shots for this period are 0 for Montreal Canadiens vs 4 for Chicago Black Hawks.
Back to the Top